 Dungeon Crawl Stone Soup version 0.30-a0-918-g0ff054e9dc (webtiles) character file.

Game seed: 8973548845908349640

22745 jasper the Fighter (level 12, -8/97 HPs)
             Began as a Demonspawn Wanderer on Mar 20, 2023.
             Was an Elder of Cheibriados.
             Mangled by a minotaur
             ... wielding a +1 rapier of electrocution
              (19 damage)
             ... in a Gauntlet.
             The game lasted 00:27:21 (17263 turns).

jasper the Fighter (Demonspawn Wanderer)           Turns: 17263, Time: 00:27:22

Health: -8/97      AC: 14    Str: 32    XL:     12   Next: 65%
Magic:  5/16       EV: 18    Int: 38    God:    Cheibriados [****..]
Gold:   362        SH:  9    Dex: 20    Spells: 3/17 levels left

rFire   + + .      SeeInvis .      - Unarmed
rCold   . . .      Faith    .    o - +3 buckler {AC+3}
rNeg    . . .      Spirit   .    z - +2 robe
rPois   +          Reflect  .    (helmet restricted)
rElec   .          Rampage  .    y - +0 cloak
rCorr   .          NoTele   +    n - +0 pair of gloves
Will    +++..                    U - +1 pair of boots of Feasting {Int+3}
Stlth   ++                       w - amulet of the acrobat
HPRegen 0.36/turn                r - ring "Zimas" {rPois Will+++ Str+3 Int+6 Dex-3}
MPRegen 0.15/turn                t - ring of the Hurling Genius {rF++ Str+6}

@: very slightly contaminated, very slow
A: claws 2, molten scales 2, foul stench 3, demonic magic 1, antennae 1, agile
1, clever 1, (teleportitis 1)
a: Renounce Religion, Bend Time, Temporal Distortion, Slouch


You were in a Gauntlet.
You worshipped Cheibriados.
Cheibriados was greatly pleased with you.
You visited 3 branches of the dungeon, and saw 14 of its levels.
You also visited: Gauntlet.

You collected 821 gold pieces.
You spent 459 gold pieces at shops.

Inventory:

Hand Weapons
 a - a +1 flail of protection
 d - a +0 demon trident of electrocution
Missiles
 f - 105 stones
 u - 21 boomerangs
Armour
 c - a +0 robe
 n - a +0 pair of gloves (worn)
 o - a +3 buckler of protection (worn)
 y - a +0 cloak (worn)
 z - a +2 robe (worn)
 A - +0 gold dragon scales
 T - a scarf of resistance
 U - the +1 pair of boots of Feasting (worn) {Int+3}
   (You found it in a Gauntlet)

   Int:       It affects your intelligence (+3).
Jewellery
 g - a ring of see invisible
 k - a ring of protection from fire
 r - the ring "Zimas" (left hand) {rPois Will+++ Str+3 Int+6 Dex-3}
   (You acquired it on level 3 of the Dungeon)

   [ring of intelligence]

   Str:       It affects your strength (+3).
   Int:       It affects your intelligence (+6).
   Dex:       It affects your dexterity (-3).
   rPois:     It protects you from poison.
   Will:      It greatly increases your willpower.
 t - the ring of the Hurling Genius (right hand) {rF++ Str+6}
   (You acquired it on level 3 of the Dungeon)

   [ring of strength]

   Str:       It affects your strength (+6).
   rF:        It greatly protects you from fire.
 w - an amulet of the acrobat (around neck)
 E - a ring of fire
 O - a ring of willpower
Wands
 q - a wand of paralysis (22)
 K - a wand of flame (28)
 M - a wand of iceblast (2)
 N - a wand of digging (6)
Scrolls
 b - 2 scrolls of fear
 m - 4 scrolls of teleportation
 v - a scroll of brand weapon
 x - a scroll of summoning
 B - a scroll of blinking
 C - 2 scrolls of enchant weapon
 G - 2 scrolls of magic mapping
 I - 2 scrolls of noise
 J - a scroll of amnesia
 Q - 2 scrolls of enchant armour
Potions
 e - 3 potions of curing
 h - 7 potions of attraction
 i - 3 potions of lignification
 j - a potion of resistance
 l - 4 potions of might
 p - 4 potions of cancellation
 D - 2 potions of degeneration
 F - a potion of flight
 H - 3 potions of invisibility {unknown}
 L - 2 potions of berserk rage
 P - 2 potions of brilliance {unknown}
 S - a potion of haste {unknown}


   Skills:
 - Level 10.0 Fighting
 - Level 1.7 Maces & Flails
 - Level 1.0 Throwing
 - Level 10.0 Dodging
 - Level 4.0 Shields
 - Level 10.0 Unarmed Combat
 - Level 3.0 Spellcasting
 - Level 5.0 Conjurations
 + Level 5.7 Transmutations
 + Level 6.5 Earth Magic


You had 3 spell levels left.
You knew the following spells:

 Your Spells              Type           Power      Damage    Failure   Level
a - Sandblast             Erth           100%       2d20      1%          1
b - Stone Arrow           Conj/Erth      98%        3d13      1%          3
c - Mephitic Cloud        Conj/Pois/Air  18%        N/A       9%          3
d - Statue Form           Tmut/Erth      34%        N/A       54%         6
e - Apportation           Tloc           10%        N/A       5%          1

Your spell library contained the following spells:

 Spells                   Type           Power      Damage    Failure   Level
 Magic Dart               Conj           100%       1d8       1%          1
 Spider Form              Tmut/Pois      27%        N/A       4%          3
 Necrotise                Necr           20%        1d5       5%          1
 Summon Small Mammal      Summ           20%        N/A       5%          1
 Call Imp                 Summ           5%         N/A       8%          2
 Cigotuvi's Dreadful Rot  Necr/Pois/Air  10%        N/A       8%          2
 Ensorcelled Hibernation  Hex/Ice        10%        N/A       8%          2
 Ozocubu's Armour         Ice            5%         N/A       16%         3
 Petrify                  Tmut/Erth      51%        N/A       4%          4
 Borgnjor's Vile Clutch   Necr/Erth      15%        N/A       36%         5
 Alistair's Intoxication  Tmut/Pois      18%        N/A       41%         5
 Anguish                  Hex/Necr       2%         N/A       45%         4
 Dispel Undead            Necr           5%         3d7       45%         4
 Olgreb's Toxic Radiance  Pois           5%         N/A       45%         4
 Summon Ice Beast         Ice/Summ       5%         N/A       45%         4
 Metabolic Englaciation   Hex/Ice        2%         N/A       82%         5
 Summon Mana Viper        Hex/Summ       5%         N/A       82%         5
 Eringya's Noxious Bog    Tmut/Pois      13%        N/A       94%         6
 Death Channel            Necr           2%         N/A       100%        6
 Monstrous Menagerie      Summ           2%         N/A       100%        7
 Ozocubu's Refrigeration  Ice            2%         4d8       100%        7
 Ignition                 Fire           2%         3d3       100%        8


Dungeon Overview and Level Annotations

Branches:
Dungeon (11/15)            Temple (1/1) D:5            Lair (2/5) D:11
 Spider (0/4) Lair:2      Gauntlet (1/1)
  Swamp: Lair:2-3    Shoals: Lair:2-3       Orc: D:9-12

Altars:
Ashenzari
Cheibriados
Fedhas
Gozag
Hepliaklqana
Kikubaaqudgha
Makhleb
Nemelex Xobeh
Okawaru
Qazlal
Ru
Sif Muna
Trog
Uskayaw
Vehumet
Xom
Yredelemnul

Shops:
D:3 *   D:6 (   D:11 :

Annotations:
Gauntlet 4 transporters


Innate Abilities, Weirdness & Mutations

You have very sharp fingernails.
You are mostly covered in molten scales. (AC +3)
You frequently emit foul miasma when damaged in melee.
Spells you cast may paralyse adjacent enemies.
You have a pair of small antennae on your head.
You are agile. (Dex +4, Str/Int -1)
Your mind is acute. (Int +4, Str/Dex -1)
((You are occasionally teleported next to monsters.))


Message History

The minotaur appears confused.
You block the minotaur's attack. The minotaur gores you!
You take 7 damage, and have 33/97 hp.
You now have 10/16 mp.
You feel much better.
The minotaur is engulfed in noxious fumes.
The minotaur barely misses the minotaur zombie.
The minotaur gores the minotaur zombie!!
The minotaur hits itself with a +1 rapier of electrocution!
The minotaur gores itself!
You regained 27 hp, and now have 60/97 hp.
The minotaur is engulfed in noxious fumes.
Aiming: Stone Arrow (safe; 1% risk of failure)
Press: ? - help, Q - select action, (/) - cycle Shift-Dir - straight line, f/p - minotaur
Aim: a minotaur, wielding a +1 rapier of electrocution, wearing a +0 plate armour and quivering javelins (lightly wounded, berserk, confused, 98% to hit)
The stone arrow hits the minotaur!
The minotaur is moderately wounded.
Malevolent energies surge around you.
The minotaur seems less confused.
The minotaur hits you but does no damage.
The minotaur misses you.
You now have 7/16 mp.
Aiming: Stone Arrow (safe; 1% risk of failure)
Press: ? - help, Q - select action, (/) - cycle Shift-Dir - straight line, f/p - minotaur
Aim: a minotaur, wielding a +1 rapier of electrocution, wearing a +0 plate armour and quivering javelins (moderately wounded, berserk, 89% to hit)
You miscast Stone Arrow.
You are very lightly contaminated with residual magic.
Nothing appears to happen.
You block the minotaur's attack. The minotaur gores you.
You emit a cloud of foul miasma!
You take 5 damage, and have 56/97 hp.
You now have 5/16 mp.
Aiming: Paralyse
Press: ? - help, Shift-Dir - straight line, f/p - minotaur
Aim: a minotaur, wielding a +1 rapier of electrocution, wearing a +0 plate armour and quivering javelins (foul pestilence, moderately wounded, berserk, chance to affect: 1%)
The minotaur resists with almost no effort.
The minotaur is engulfed in dark miasma.
The minotaur is poisoned.
The minotaur hits you with a +1 rapier of electrocution!!!
* * * LOW HITPOINT WARNING * * *
The minotaur gores you!!
You die...

#.#.##.8.#...#©.^# ###
#...##.©.#...###.#
#..Z.##.#.##.8.#.8.#^.^#
'⌠....'.#....©.#.∩.#.###
#.H.∩##.#.##.8.#.8.#.#..
#.⌠ #...##.©.#...#'#.# #
#Z#.##.8.#...#...#
#H#....©.#.8.#####
#@#.##.8.#.⌠.#8..©
#...##...#.8.#©...
######...#...#8..©
#≈≈≈#...#####
##≈###..#.#.# ###
##.##.#. ##≈.##.##
#≈≈.#.#.© ##≈.#.##.


You could see a minotaur (berserk, poisoned) and a minotaur zombie.

Vanquished Creatures
  A hydra (Lair:2)
  A two-headed ogre (D:10)
  A boulder beetle (D:11)
  3 death yaks (Gauntlet)
  2 wizards (Gauntlet)
  Pikel (D:8)
  A cyclops (D:11)
  A moth of wrath (Gauntlet)
  An orc sorcerer (D:9)
  An ugly thing (D:11)
  Maurice (D:11)
  4 elephants (Lair:2)
  A slime creature (Gauntlet)
  A gargoyle (D:6)
  A torpor snail (Gauntlet)
  2 unseen horrors
  2 komodo dragons
  2 cane toads
  A kobold demonologist (D:11)
  2 trolls (D:11)
  Grinder (D:3)
  3 hornets (Gauntlet)
  Sigmund (D:6)
  2 shadows
  A wraith (D:9)
  2 wyverns
  Eustachio (D:5)
  2 basilisks (Lair:1)
  3 steam dragons
  24 yaks
  3 vampire mosquitoes (D:11)
  Menkaure (D:5)
  2 acid dragons
  4 water moccasins
  3 orc warriors
  A sky beast (D:7)
  2 ice beasts (D:6)
  A black bear (D:7)
  8 wolves
  3 centaurs
  A lemure (D:8)
  Blork the orc (D:4)
  6 bullfrogs
  2 scorpions (D:5)
  13 wights
  5 killer bees
  The ghost of AverageBear the Ducker, a weakling OpFi (D:3)
  3 howler monkeys
  3 jellies
  Crazy Yiuf (D:5)
  3 orc priests
  6 hounds
  2 sleepcaps
  Ijyb (D:3)
  5 iguanas
  16 orc wizards
  A hound zombie (D:3)
  3 gnolls (D:5)
  9 adders
  5 shadow imps
  3 white imps
  3 ufetubi
  An adder zombie (D:3)
  2 worms (D:6)
  4 dart slugs
  41 orcs
  12 endoplasms
  8 giant cockroaches
  5 goblins
  2 hobgoblins
  7 kobolds
  4 quokkas
  2 ball pythons (D:2)
  3 bats
  A frilled lizard (D:3)
  3 rats (D:1)
286 creatures vanquished.

Vanquished Creatures (others)
  9 fungi
  39 plants
  3 toadstools (D:10)
51 creatures vanquished.

Grand Total: 337 creatures vanquished

Notes
Turn   | Place    | Note
-------+----------+-------------------------------------------
     0 | D:1      | jasper the Demonspawn Wanderer began the quest for the Orb.
     0 | D:1      | jasper set off with the following items: a +1 flail, a
                  | scroll of fear, a +0 robe; and the following spell
                  | memorised: Sandblast; and the following spells available to
                  | memorise: Stone Arrow.
     0 | D:1      | Reached XP level 1. HP: 18/18 MP: 2/2
   344 | D:1      | Gained mutation: You may rarely emit foul miasma when
                  | damaged in melee. [demonic ancestry]
   344 | D:1      | Reached XP level 2. HP: 23/24 MP: 0/4
  1192 | D:2      | Gained mutation: You have sharp fingernails. [demonic
                  | ancestry]
  1192 | D:2      | Reached XP level 3. HP: 23/29 MP: 2/6
  1196 | D:2      | Learned a level 3 spell: Stone Arrow
  2441 | D:3      | Found Fubit's Assorted Antiques.
  2493 | D:3      | Gained mutation: Spells you cast may paralyse adjacent
                  | enemies. [demonic ancestry]
  2493 | D:3      | Reached XP level 4. HP: 35/35 MP: 4/8
  2580 | D:3      | Bought a scroll of teleportation for 75 gold pieces
  2618 | D:3      | Noticed Grinder
  2633 | D:3      | Killed Grinder
  2634 | D:3      | Reached XP level 5. HP: 41/41 MP: 4/9
  2728 | D:3      | Gained mutation: You sometimes emit foul miasma when
                  | damaged in melee. [demonic ancestry]
  2728 | D:3      | Reached XP level 6. HP: 47/47 MP: 6/10
  2895 | D:3      | Noticed Ijyb
  2902 | D:3      | Killed Ijyb
  2976 | D:3      | Found a runed translucent gate.
  2976 | D:3      | Found a runed translucent gate.
  2976 | D:3      | Found a runed translucent gate.
  2976 | D:3      | Noticed AverageBear's ghost (weakling OpFi)
  3013 | D:3      | Found a basalt altar of Yredelemnul.
  3048 | D:3      | Killed AverageBear's ghost
  3541 | D:3      | Identified 3 scrolls of acquirement
  3541 | D:3      | Acquired a +0 buckler of protection
  3543 | D:3      | Acquired the ring of the Hurling Genius {rF++ Str+6}
  3544 | D:3      | Acquired the ring "Zimas" {rPois Will+++ Str+3 Int+6 Dex-3}
  3562 | D:4      | Noticed Blork the orc
  3565 | D:4      | Reached skill level 5 in Conjurations
  3783 | D:4      | Reached skill level 1 in Shields
  3868 | D:5      | Entered Level 5 of the Dungeon
  3962 | D:4      | Reached XP level 7. HP: 50/52 MP: 9/11
  4006 | D:4      | Killed Blork the orc
  4028 | D:4      | Noticed a two-headed ogre
  4569 | D:5      | Reached skill level 1 in Unarmed Combat
  4638 | D:5      | Found a runed translucent door.
  4639 | D:5      | Noticed Crazy Yiuf
  4646 | D:5      | Killed Crazy Yiuf
  4905 | D:5      | Found a staircase to the Ecumenical Temple.
  4921 | D:5      | Noticed Menkaure
  4923 | D:5      | Noticed Eustachio
  5099 | D:6      | Gained mutation: You have very sharp fingernails. [demonic
                  | ancestry]
  5099 | D:6      | Reached XP level 8. HP: 60/60 MP: 7/12
  5354 | D:6      | Noticed Sigmund
  5385 | D:6      | Killed Sigmund
  5712 | D:5      | Killed Menkaure
  5713 | D:5      | Reached skill level 5 in Fighting
  5805 | D:5      | Found a burning altar of Makhleb.
  5808 | Temple   | Entered the Ecumenical Temple
  6044 | D:5      | Gained mutation: You have a pair of small horns on your
                  | head. [potion of mutation]
  6044 | D:5      | Gained mutation: Your spells are a little easier to cast,
                  | but a little less powerful. [potion of mutation]
  6044 | D:5      | Gained mutation: You are occasionally teleported next to
                  | monsters. [potion of mutation]
  6044 | D:5      | Gained mutation: You are agile. (Dex +4, Str/Int -1)
                  | [potion of mutation]
  6070 | D:5      | Killed Eustachio
  6677 | D:6      | Gained mutation: You are partially covered in molten
                  | scales. (AC +2) [demonic ancestry]
  6677 | D:6      | Reached XP level 9. HP: 66/69 MP: 6/13
  6991 | D:6      | Noticed a gargoyle
  7030 | D:6      | Killed a gargoyle
  7031 | D:6      | Reached skill level 5 in Dodging
  7240 | D:6      | Found a bloodstained altar of Trog.
  7248 | D:6      | Found a faded altar of an unknown god.
  7250 | D:6      | Found a faded altar of an unknown god.
  7252 | D:6      | Found an ancient bone altar of Kikubaaqudgha.
  7307 | D:6      | Found Dumemnyx's Weapon Boutique.
  7370 | D:6      | Reached skill level 5 in Unarmed Combat
  7932 | D:6      | Found a snail-covered altar of Cheibriados.
  8109 | D:6      | Became a worshipper of Cheibriados the Contemplative
  8676 | D:7      | Found a stormy altar of Qazlal.
  9647 | D:8      | Gained mutation: You are mostly covered in molten scales.
                  | (AC +3) [demonic ancestry]
  9647 | D:8      | Reached XP level 10. HP: 61/79 MP: 0/14
 10065 | D:8      | Noticed Pikel
 10079 | D:8      | Killed Pikel
 10220 | D:8      | Reached * piety under Cheibriados
 10967 | D:9      | Learned a level 3 spell: Mephitic Cloud
 11832 | D:9      | Noticed an orc sorcerer
 11833 | D:9      | Noticed a soul eater
 11838 | D:9      | Killed an orc sorcerer
 12015 | D:9      | Found a shimmering altar of Xom.
 12173 | D:10     | Entered Level 10 of the Dungeon
 12203 | D:10     | Noticed a two-headed ogre
 12214 | D:10     | Killed a two-headed ogre
 12446 | D:10     | Reached XP level 11. HP: 67/89 MP: 15/15
 12701 | D:10     | Reached ** piety under Cheibriados
 12748 | D:10     | Learned a level 6 spell: Statue Form
 13266 | D:10     | Found a hazy altar of Hepliaklqana.
 13280 | D:10     | Lost mutation: You have a pair of small horns on your head.
                  | [potion of mutation]
 13280 | D:10     | Lost mutation: Your spells are a little easier to cast, but
                  | a little less powerful. [potion of mutation]
 13280 | D:10     | Gained mutation: Your mind is acute. (Int +4, Str/Dex -1)
                  | [potion of mutation]
 13280 | D:10     | Gained mutation: You have a pair of small antennae on your
                  | head. [potion of mutation]
 13750 | D:11     | Found a staircase to the Lair.
 13804 | D:11     | Reached skill level 10 in Fighting
 13831 | D:11     | Noticed Maurice
 13837 | D:11     | Killed Maurice
 14094 | D:11     | Noticed a white ugly thing
 14104 | D:11     | Killed a white ugly thing
 14416 | D:11     | Found Wigagi's Book Emporium.
 14421 | D:11     | Bought Ozocubu's Autobiography for 384 gold pieces
 14431 | D:11     | Learned a level 1 spell: Apportation
 14498 | D:11     | Noticed a boulder beetle
 14521 | D:11     | Killed a boulder beetle
 15013 | Lair:1   | Entered Level 1 of the Lair of Beasts
 15153 | Lair:1   | Reached *** piety under Cheibriados
 15172 | Lair:1   | Reached skill level 10 in Dodging
 15550 | Lair:1   | Reached skill level 10 in Unarmed Combat
 15777 | Lair:1   | Gained mutation: You frequently emit foul miasma when
                  | damaged in melee. [demonic ancestry]
 15777 | Lair:1   | Reached XP level 12. HP: 97/97 MP: 6/16
 16163 | Lair:2   | Found a hole to the Spider Nest.
 16280 | Lair:2   | Noticed a four-headed hydra
 16285 | Lair:2   | Killed a four-headed hydra
 16286 | Lair:2   | Reached skill level 1 in Transmutations
 16405 | Lair:2   | Found a gate leading to a gauntlet.
 16417 | Gauntlet | Entered a Gauntlet
 16417 | Gauntlet | Found a transporter.
 16529 | Gauntlet | Found a transporter.
 16530 | Gauntlet | Found a transporter.
 16541 | Gauntlet | Found a transporter.
 16541 | Gauntlet | Found a transporter.
 16542 | Gauntlet | Found a transporter.
 16550 | Gauntlet | Found a runed translucent door.
 16554 | Gauntlet | Found a transporter.
 16555 | Gauntlet | Found a transporter.
 16560 | Gauntlet | Noticed a death yak
 16562 | Gauntlet | Noticed a death yak
 16562 | Gauntlet | Found a transporter.
 16562 | Gauntlet | Noticed a death yak
 16564 | Gauntlet | Found a transporter.
 16566 | Gauntlet | Found a transporter.
 16567 | Gauntlet | Found a transporter.
 16575 | Gauntlet | Found a transporter.
 16635 | Gauntlet | Found a transporter.
 16675 | Gauntlet | Reached skill level 5 in Earth Magic
 16899 | Gauntlet | Reached **** piety under Cheibriados
 16989 | Gauntlet | Killed a death yak
 17004 | Gauntlet | Killed a death yak
 17005 | Gauntlet | Reached skill level 5 in Transmutations
 17005 | Gauntlet | Killed a death yak
 17174 | Gauntlet | Identified the +1 pair of boots of Feasting {Int+3}
 17250 | Gauntlet | Found the +0 mask of the Dragon {Will+ Slay+3 SInv}
 17250 | Gauntlet | Noticed a minotaur
 17263 | Gauntlet | Mangled by a minotaur

Illustrated notes

Levels and vault maps discovered:
D:1:      dpeg_arrival_solitude, layout_basic, minmay_worlds_worst_comb
D:2:      minmay_alternating_diamond, layout_basic
D:3:      layout_basic, nicolae_yredelemnul_ghost_church, serial_shops, shop,
          serial_bayou_lagoon_a, serial_bayou_pond_c, uniq_ijyb, uniq_grinder
D:4:      layout_rooms, mainiacjoe_overflow_alcove_4, lemuel_tele_altar,
          uniq_duvessa, uniq_blork_the_orc
D:5:      layout_cave_pools, mainiacjoe_overflow_tiny_flanked,
          minmay_temple_entry_drinking_statues, enter_ossuary_1, uniq_eustachio,
          uniq_menkaure, uniq_crazy_yiuf_cottage
D:6:      layout_loops_ring, kennysheep_little_box,
          chequers_temple_overflow_minitemple, cheibrodos_sewer_entry_bend,
          serial_shops, shop, kennysheep_generic_room_13, uniq_sigmund
D:7:      layout_loops_ring, nicolae_qazlal_general_emergency,
          grunt_ministairs_1
D:8:      layout_basic, uniq_pikel
D:9:      layout_long_grid, brannock_xom_greatest_gift, minmay_librarian
D:10:     layout_loops_ring, nicolae_hepliaklqana_hippocampus,
          minmay_gold_behind_fungi
D:11:     layout_rooms, lair_entry_dummy, serial_shops,
          nicolae_shop_hallway_plus, uniq_maurice
Temple:   jpeg_temple_clearing
Lair:1:   layout_regular_city, hibernation_bobbens
Lair:2:   layout_cave_pods, hellmonk_spider_entry_not_the_bees,
          gauntlet_entry_generic
Gauntlet: gammafunk_gauntlet_77_escape_option
          [minmay_gauntlet_arena_77_radiant_squares,
          minmay_gauntlet_arena_77_chump_sandwich,
          minmay_gauntlet_arena_77_path, minmay_gauntlet_arena_77_mess,
          minmay_gauntlet_arena_77_double_cross, gauntlet_exit_hidden_loot]

Skill      XL: |  1  2  3  4  5  6  7  8  9 10 11 12 |
---------------+-------------------------------------+-----
Earth Magic    | 2 3 6 |  6.5
Spellcasting   | 2 3 |  3.0
Conjurations   | 4 5 |  5.0
Shields        | 2 4 |  4.0
Unarmed Combat | 2 4 6 7 10 | 10.0
Dodging        | 2 4 6 8 10 | 10.0
Fighting       | 4 5 7 9 10 | 10.0
Transmutations | 5 |  5.7
Maces & Flails | |  1.7
Throwing       | |  1.0

Action                     |  1- 3 |  4- 6 |  7- 9 | 10-12 || total
---------------------------+-------+-------+-------+-------++-------
  Melee: Flail             |    15 |     6 |    17 |       ||    38
         Unarmed           |       |       |   130 |   357 ||   487
         Headbutt          |       |       |    30 |    56 ||    86
  Throw: Stone             |     1 |       |       |       ||     1
   Cast: Sandblast         |    65 |    63 |   248 |     3 ||   379
         Stone Arrow       |       |       |    30 |   155 ||   185
         Mephitic Cloud    |       |       |       |     1 ||     1
  Evoke: Wand              |       |       |     1 |     6 ||     7
    Use: Scroll            |     6 |     4 |    10 |     9 ||    29
         Potion            |       |       |     7 |     6 ||    13
   Stab: Paralysed         |       |     5 |    45 |    37 ||    87
 Armour: Robe              |     6 |    15 |    91 |    89 ||   201
  Dodge: Dodged            |    29 |    20 |   164 |   241 ||   454
  Block: Buckler           |       |     2 |    86 |   126 ||   214

Table legend: (Time is in decaauts)
 A = Elapsed time spent in this place.
 B = Non-inter-level travel time spent in this place.
 C = Inter-level travel time spent in this place.
 D = Time resting spent in this place.
 E = Time spent auto-exploring this place.
 F = Levels seen in this place.
 G = Mean time per level.
                   A        B        C        D        E       F      G
               +--------+--------+--------+--------+--------+-----+--------+
         Total |  19429 |  18092 |   1337 |   1655 |  13519 |  15 | 1295.3 |
       Dungeon |  16399 |  15181 |   1218 |   1325 |  11470 |  11 | 1490.8 |
        Temple |    159 |    142 |     17 |      0 |    130 |   1 |  159.0 |
          Lair |   1842 |   1741 |    101 |     44 |   1482 |   2 |  921.0 |
      Gauntlet |   1027 |   1027 |      0 |    286 |    435 |   1 | 1027.0 |
               +--------+--------+--------+--------+--------+-----+--------+

Top non-repeatable levels by time:
     D:6: 2409 daAuts
    D:10: 1709 daAuts
     D:9: 1693 daAuts
     D:8: 1644 daAuts
  Lair:1: 1598 daAuts
    D:11: 1558 daAuts
     D:5: 1514 daAuts
     D:2: 1503 daAuts
     D:3: 1395 daAuts
     D:7: 1300 daAuts
Gauntlet: 1027 daAuts
     D:1: 968 daAuts
     D:4: 702 daAuts
  Lair:2: 243 daAuts
  Temple: 159 daAuts
